 Dungeon Crawl Stone Soup version 0.20-a0-1121-gbb42413 (webtiles) character file.

208 Hook the Conjurer (level 5, -5/31 HPs)
             Began as an Octopode Conjurer on May 10, 2017.
             Slain by a gnoll (7 damage)
             ... on level 2 of the Dungeon.
             The game lasted 00:11:46 (3924 turns).

Hook the Conjurer (Octopode Conjurer)               Turns: 3924, Time: 00:11:47

Health: -5/31      AC:  1    Str:  9    XL:     5   Next: 86%
Magic:  6/9        EV: 14    Int: 17    God:
Gold:   169        SH:  0    Dex: 12    Spells: 4/10 levels left

rFire    . . .     SeeInvis .     - Unarmed
rCold    . . .     Gourm    .   (no shield)
rNeg     . . .     Faith    .   (helmet restricted)
rPois    .         Spirit   .   (no amulet)
rElec    .         Reflect  .   (no ring)
rCorr    .         Harm     .   (no ring)
MR       .....                  (no ring)
Stlth    +++.......             (no ring)
Regen    0.1/turn               (no ring)
MPRegen  0.2/turn               (no ring)
                                (no ring)
                                (no ring)

@: very slightly contaminated
A: almost no armour, stealthy swim, amphibious, 8 rings, constrict 8, camouflage
1, gelatinous body 1
a: no special abilities


You were on level 2 of the Dungeon.
You were not hungry.

You visited 1 branch of the dungeon, and saw 3 of its levels.

You collected 169 gold pieces.

Inventory:

Wands
 p - a wand of confusion (35/48)
Scrolls
 c - 5 scrolls of teleportation {unknown}
 d - 4 scrolls of identify {unknown}
 e - 2 scrolls of enchant armour {unknown}
 j - 4 scrolls of remove curse {unknown}
 l - 2 scrolls of enchant weapon {unknown}
Potions
 f - 2 potions of haste {unknown}
 g - 2 potions of invisibility {unknown}
 i - 3 potions of curing {unknown}
 k - a potion of lignification {unknown}
 m - a potion of mutation {unknown}
 n - a potion of degeneration {unknown}
 o - a potion of flight {unknown}
 q - a potion of ambrosia {unknown}
 r - a potion of heal wounds {unknown}
Books
 a - a book of Conjurations

   Spells                             Type                      Level
   a - Magic Dart                     Conjuration                  1
   b - Searing Ray                    Conjuration                  2
   c - Dazzling Spray                 Conjuration/Hexes            3
   d - Fulminant Prism                Conjuration/Hexes            4
   e - Force Lance                    Conjuration/Translocation    4
   f - Iskenderun's Mystic Blast      Conjuration                  4
Comestibles
 b - a bread ration
 h - a meat ration


   Skills:
 - Level 0.2 Fighting
 * Level 3.1 Dodging
 + Level 3.8 Stealth
 + Level 1.4 Unarmed Combat
 * Level 3.0 Spellcasting
 + Level 5.1 Conjurations


You had 4 spell levels left.
You knew the following spells:

 Your Spells              Type           Power        Failure   Level  Hunger
a - Magic Dart            Conj           ###.         1%          1    None
b - Searing Ray           Conj           ###...       3%          2    ##.....
c - Dazzling Spray        Conj/Hex       ##....       19%         3    ###....


Dungeon Overview and Level Annotations

Branches:
Dungeon (3/15)

Altars:
Fedhas
Uskayaw
Xom
The Shining One


Innate Abilities, Weirdness & Mutations

You cannot wear most types of armour.
You are very stealthy in the water. (Stealth+)
You are amphibious.
You can wear up to eight rings at the same time.
You can use your tentacles to constrict eight enemies at once.
Your skin changes colour to match your surroundings (Stealth+).
Your rubbery body absorbs attacks. (AC +1, EV +1)


Message History

Casting: Magic Dart
Confirm with . or Enter, or press ? or * to list all spells.
Aiming: Magic Dart
Press: ? - help, Shift-Dir - straight line, f/p - gnoll
Aim: a gnoll (moderately wounded)
The magic dart hits the gnoll.
The gnoll is heavily wounded.
The gnoll hits you!
* * * LOW HITPOINT WARNING * * *
The gnoll closely misses you.
Unknown command.
Casting: Magic Dart
Confirm with . or Enter, or press ? or * to list all spells.
Aiming: Magic Dart
Press: ? - help, Shift-Dir - straight line, f/p - gnoll
Aim: a gnoll (heavily wounded)
You miscast Magic Dart.
You are very lightly contaminated with residual magic.
You feel a strange surge of energy! The gnoll hits you!
You die...

####### #.....# ######## #.###..
#.).g@g# #.# ### #.####.# #.# #.#
#.# #####.##### #.#
#.#####........## ##.##
#...........##.##
###########...#########.######.##
..).........#..# ##.## #...
#####.#####....# #####<..########
#.# ####.# #...........# #


You could see 2 gnolls.

Vanquished Creatures
  Jessica (D:2)
  3 gnolls (D:2)
  8 adders
  An ooze (D:1)
  5 worms
  2 dart slugs
  4 orcs (D:3)
  6 giant cockroaches
  6 goblins
  5 hobgoblins
  8 jackals
  A quokka (D:1)
  4 bats (D:2)
  A frilled lizard (D:1)
  3 rats (D:2)
58 creatures vanquished.

Notes
Turn   | Place    | Note
-------+----------+-------------------------------------------
     0 | D:1      | Hook the Octopode Conjurer began the quest for the Orb.
     0 | D:1      | Reached XP level 1. HP: 11/11 MP: 3/3
   443 | D:1      | Reached XP level 2. HP: 17/17 MP: 0/5
   684 | D:1      | Found a glowing golden altar of the Shining One.
  1024 | D:1      | Learned a level 2 spell: Searing Ray
  1163 | D:2      | Noticed Jessica
  1167 | D:2      | Killed Jessica
  1167 | D:2      | Reached XP level 3. HP: 13/21 MP: 1/6
  1484 | D:2      | Reached XP level 4. HP: 8/27 MP: 1/7
  2165 | D:2      | Reached skill level 5 in Conjurations
  2165 | D:2      | Reached XP level 5. HP: 31/31 MP: 3/9
  2366 | D:2      | Reached skill level 1 in Unarmed Combat
  2469 | D:2      | Found a hide-covered altar of Uskayaw.
  2753 | D:2      | Learned a level 3 spell: Dazzling Spray
  2947 | D:2      | Found a shimmering altar of Xom.
  2947 | D:2      | Found a blossoming altar of Fedhas.
  2947 | D:2      | Found a glowing golden altar of the Shining One.
  3924 | D:2      | Slain by a gnoll

Vault maps used:
D:1:      elethiomel_arrival_shortcut, nrook_loot_triangle, tso_altar
D:2:      lemuel_doored_altar, gammafunk_temple_overflow_forgotten,
          kennysheep_jessica_study, uniq_jessica
D:3:      first_bread

Skill      XL: |  1  2  3  4  5 |
---------------+----------------+-----
Stealth        | 3 |  3.8
Conjurations   | 5 |  5.1
Unarmed Combat | 1 |  1.4
Dodging        | 3 |  3.1
Spellcasting   | 3 |  3.0
Fighting       | |  0.2

Action                   |  1- 3 |  4- 6 || total
-------------------------+-------+-------++-------
Melee: Unarmed           |    38 |    83 ||   121
       Constrict         |     9 |    23 ||    32
       Tentacles         |     5 |    11 ||    16
       Punch             |       |     1 ||     1
 Cast: Magic Dart        |    33 |    66 ||    99
       Searing Ray       |     2 |     3 ||     5
       Dazzling Spray    |       |     5 ||     5
 Stab: Sleeping          |     2 |     4 ||     6
  Eat: Royal jelly       |     1 |       ||     1
       Chunk             |       |     5 ||     5
       Bread ration      |       |     1 ||     1
Armor: Skin              |    14 |     2 ||    16
Dodge: Dodged            |    70 |    76 ||   146
